AoeStats
← BSHammer

Lombardia

509522189Analyzed
3v3 RM · 6d ago on Sep 27, 2026· 29m 41s· 6 players
Game mode
Random Map
Map size
Normal (6 player)
Population
200
Speed
Normal
Resources
Standard
Victory
Conquest
Starting age
Dark Age
Ending age
Imperial Age
RankedLock teamsTeams togetherTeam positionsShared explorationLock speedFull tech treeHidden civsTurbo modeCheats
Victory
Defeat
🇨🇱 Spanish · Chile
1689
+10
🇨🇱 Britons · Chile
1472
+19
🇨🇱 Persians · Chile
1424
+22
🇺🇸 Varangians · United States
1568
-18
🇺🇸 Saxons · United States
1558
-17
🇺🇸 Hindustanis · United States
1518
-16
HR pikoLein
6:08 Loom
8:30 Feudal Age
9:02 Double-Bit Axe
9:24 Horse Collar
20:09 Castle Age
21:10 Bow Saw
21:01 Heavy Plow
22:21 Husbandry
24:54 Padded Archer Armor
QNA | Yoyi
7:27 Loom
9:45 Feudal Age
11:03 Double-Bit Axe
13:23 Fletching
20:07 Castle Age
18:42 Padded Archer Armor
20:48 Bodkin Arrow
20:13 Crossbowman
22:04 Leather Archer Armor
22:17 Crossbowman
PilSeN___
2:50 Loom
6:24 Loom
8:41 Feudal Age
12:14 Town Watch
20:38 Castle Age
19:24 Scale Barding Armor
19:36 Forging
20:59 Bloodlines
20:55 Double-Bit Axe
22:04 Bow Saw
22:24 Gold Mining
23:12 Horse Collar
26:52 Heavy Plow
30:29 Chain Barding Armor
30:12 Husbandry
BSHammer
4:23 Loom
9:01 Feudal Age
12:20 Scale Barding Armor
13:19 Forging
21:32 Wheelbarrow
25:09 Castle Age
Lucas Ducas
8:05 Loom
10:50 Feudal Age
15:31 Castle Age
14:24 Double-Bit Axe
15:48 Fletching
18:53 Horse Collar
20:59 Bodkin Arrow
23:25 Ballistics
23:42 Wheelbarrow
25:00 Husbandry
26:05 Bloodlines
29:06 Padded Archer Armor
koriko9397
9:04 Loom
11:14 Feudal Age
16:32 Castle Age
20:04 Horse Collar
Connection lost

Rejoining the realm…

Still unreachable

The connection could not be restored.

Session expired

The server has moved on; the page needs a fresh start.